 Dungeon Crawl Stone Soup version bcrawl-1.37.2 (webtiles) character file.

Game seed: 8588297097319951777

205731 KristoblXynda the Skirmisher (level 5, -1/47 HPs)
             Began as a Draconian Monk on Jan 29, 2023.
             Slain by a sky beast (6 damage)
             ... on level 3 of the Dungeon.
             The game lasted 00:02:16 (1787 turns).

KristoblXynda the Skirmisher (Draconian Monk)       Turns: 1787, Time: 00:02:17

Health: -1/47      AC:  5    Str: 15    XL:     5   Next: 52%
Magic:  0/6        EV: 16    Int: 10    God:
Gold:   291        SH:  0    Dex: 13    Spells: 4/4 levels left

rFire    . . .     GDR:     25% a - +0 hand axe
rCold    . . .     SeeInvis .   (no shield)
rNeg     . . .     Gourm    .   (armour unavailable)
rPois    .         Faith    .   b - +0 hat
rElec    .         Spirit   +   (no cloak)
rCorr    .         Reflect  .   (no gloves)
MR       .....                  (no boots)
Stlth    ++........             c - amulet of guardian spirit
HPRegen  0.17/turn              j - +3 ring of evasion
MPRegen  0.10/turn              (no ring)

@: no status effects
A: unfitting armour, cold-blooded, AC +5
a: no special abilities


You were on level 3 of the Dungeon.
You were not hungry.

You visited 1 branch of the dungeon, and saw 4 of its levels.

You collected 291 gold pieces.

Inventory:

Hand Weapons
 a - a +0 hand axe (weapon)
Armour
 b - a +0 hat (worn)
Jewellery
 c - an amulet of guardian spirit (around neck)
 j - a +3 ring of evasion (left hand)
Scrolls
 d - 5 scrolls of remove curse
 f - a scroll of enchant weapon {unknown}
 g - a scroll of fear {unknown}
 i - a scroll of identify
 k - a scroll of blinking {unknown}
 l - a scroll of teleportation {unknown}
Potions
 h - a potion of heal wounds
 m - a potion of curing
 o - a potion of haste
 p - a potion of resistance
Comestibles
 e - 3 rations {!d}
 n - a chunk of flesh


   Skills:
 + Level 4.8 Fighting
 + Level 4.3 Axes
 + Level 3.9 Dodging
 - Level 2.0 Stealth
   Level 2.1 Invocations


You had 4 spell levels left.
You didn't know any spells.
Your spell library was empty.

Dungeon Overview and Level Annotations

Branches:
Dungeon (4/12)
 Temple: D:4-7

Altars:
Dithmenos
Kikubaaqudgha
Nemelex Xobeh


Innate Abilities, Weirdness & Mutations

Your plain brown scales are hard. (AC +5)
You cannot fit into any form of body armour.
You are cold-blooded and may be slowed by cold attacks.


Message History

Something hits you. Something shocks you.
You closely miss something. Something hits you but does no damage.
You slash something! Something barely misses you.
You closely miss something. Something hits you but does no damage.
There is an escape hatch in the ceiling here.
Something hits you. Something shocks you. A mysterious force pulls you upwards.
The hatch slams shut behind you.
Reactivating autopickup.
Deactivating autopickup; reactivate with Ctrl-A.
You miss something.
Your tail-slap misses something.
Something barely misses you.
You miss something. Something hits you. Something shocks you.
Something hits you.
* * * LOW HITPOINT WARNING * * *
Something shocks you.
* * * LOW HITPOINT WARNING * * *
You hit something. Something hits you.
* * * LOW HITPOINT WARNING * * *
Something shocks you.
You die...

.......#.# #.#.##### #.......
####.###.# #.#.....#####...##
#.....#######.#............##
##########.............########
)................#.....#
.>........)#####.#.<...#
############ #.###.### #.# #.#
#@# #.#### #.# #....# #.#
####.# #.# #.# #.# #.# #.# #>#
#.# #.#########
###############.# #..........
##...............# ###########


There were no monsters in sight!

Vanquished Creatures
  A crimson imp (D:3)
  A hound (D:3)
  An orc wizard (D:3)
  An adder (D:4)
  An ooze (D:1)
  An adder zombie (D:3)
  3 worms
  4 dart slugs
  2 leopard geckos
  5 orcs
  A ball python (D:3)
  3 giant cockroaches
  7 goblins
  4 hobgoblins
  7 jackals
  15 kobolds
  2 quokkas
  3 bats
  A frilled lizard (D:2)
  4 rats
67 creatures vanquished.

Notes
Turn   | Place    | Note
-------+----------+-------------------------------------------
     0 | D:1      | KristoblXynda the Draconian Monk began the quest for the
                  | Orb.
     0 | D:1      | Reached XP level 1. HP: 19/19 MP: 2/2
   139 | D:1      | Reached XP level 2. HP: 19/26 MP: 3/3
   419 | D:2      | Reached XP level 3. HP: 33/33 MP: 4/4
   600 | D:2      | Found a sparkling altar of Nemelex Xobeh.
   674 | D:2      | Found an ancient bone altar of Kikubaaqudgha.
  1006 | D:3      | Reached XP level 4. HP: 40/40 MP: 5/5
  1391 | D:3      | Reached XP level 5. HP: 28/47 MP: 3/6
  1738 | D:4      | Found a shadowy altar of Dithmenos.
  1756 | D:4      | Noticed a sky beast
  1760 | D:4      | Noticed an ogre
  1787 | D:3      | Slain by a sky beast

Skill      XL: |  1  2  3  4 |
---------------+-------------+-----
Dodging        | 3 |  3.9
Fighting       | 4 |  4.8
Axes           | 4 |  4.3
Stealth        | |  2.0
Invocations    | |  2.1

Action                   |  1- 3 |  4- 6 || total
-------------------------+-------+-------++-------
Melee: Hand axe          |   124 |    96 ||   220
       Tailslap          |    15 |    15 ||    30
  Use: Scroll            |       |     4 ||     4
 Stab: Sleeping          |     4 |     1 ||     5
       Distracted        |       |     1 ||     1
  Eat: Chunk             |     4 |     5 ||     9
Armor: Skin              |    40 |    17 ||    57
Dodge: Dodged            |    96 |    68 ||   164
